[Event "WYCC U14 Girls 2019"]
[Site "Mumbai"]
[Date "2019.10.05"]
[Round "5.10"]
[White "De Rycke, Tyani"]
[Black "Pavalachandran, Ashvini"]
[Result "1/2-1/2"]
[ECO "B26"]
[WhiteElo "1891"]
[BlackElo "1678"]
[Annotator "NA RC"]
[PlyCount "93"]
[EventDate "2019.10.02"]
[EventType "swiss"]
[EventCountry "IND"]
[SourceTitle "playchess.com"]
[Source "ChessBase"]
[SourceQuality "1"]
[TimeControl "40/5400+30:1800+30"]

1. e4 c5 2. Nc3 Nc6 3. g3 g6 4. Bg2 Bg7 5. d3 d6 6. Be3 e5 7. Qd2 Be6 8. f4 exf4 {[%emt 0:09:54] B26: Closed Sicilian: 3 g3, lines with early Be3} (8... Nge7 9. Nf3 Nd4 10. O-O O-O 11. Ng5 Bd7 12. Rae1 f6 13. Nh3 Be6 14. Nd5 Rc8 15. c3 Nb5 16. Nxe7+ Qxe7 {1-0 (40) Movsesian,S (2637)-Gukesh,D (2536) Reykjavik 2019}) 9. gxf4 Nd4 10. Nd1 Ne7 11. c3 Ndc6 12. Nf3 Bg4 $146 ({Predecessor:} 12... f5 13. Nf2 Qc7 14. O-O h6 15. d4 fxe4 16. Nxe4 {½-½ (51) Flores,D (2180)-Varela,G (2290) Merida 1997}) 13. Nf2 Bxf3 14. Bxf3 Qa5 15. O-O O-O 16. a3 Qd8 17. d4 (17. Nh3 $14) 17... cxd4 18. cxd4 d5 19. e5 Nf5 20. Bg4 Nxe3 21. Qxe3 Qb6 {[%emt 0:01:53] Double Attack} 22. Rfd1 Na5 ({Better is} 22... f6 $15 23. Qd2 Rad8) 23. Rac1 (23. f5 $5 ) 23... Nc4 24. Rxc4 (24. Qg3 $11) 24... dxc4 25. Qc3 Rad8 26. Kg2 Rfe8 $17 27. Be2 Rc8 28. Ne4 Red8 29. Bg4 Rc7 30. d5 h5 31. d6 hxg4 32. dxc7 Qxc7 33. Rxd8+ Qxd8 34. Qxc4 Qd7 35. Nd6 Bf8 36. Qc8 Qa4 37. Qc4 Qd7 38. Ne4 Be7 39. Nf2 Bh4 40. Qd3 Qc6+ 41. Qe4 Qd7 42. Nd3 Kg7 43. b3 b6 44. Kf1 Qb5 45. Qc4 Qd7 46. Ke2 Qb7 47. e6 1/2-1/2

[Event "WYCC U14 Girls 2019"]
[Site "Mumbai"]
[Date "2019.10.05"]
[Round "5.11"]
[White "Divya Deshmukh"]
[Black "Agrawal Aanya"]
[Result "1-0"]
[ECO "B18"]
[WhiteElo "2358"]
[BlackElo "1417"]
[Annotator "ChessBase"]
[PlyCount "37"]
[EventDate "2019.10.02"]
[EventType "swiss"]
[EventCountry "IND"]
[SourceTitle "playchess.com"]
[Source "ChessBase"]
[SourceQuality "1"]
[TimeControl "40/5400+30:1800+30"]

1. e4 c6 2. d4 d5 3. Nd2 dxe4 4. Nxe4 Bf5 5. Ng3 Bg6 6. h4 h6 7. N1e2 e6 8. Nf4 Bh7 9. Bc4 Nf6 10. O-O Bd6 11. Re1 O-O 12. c3 Qc7 13. Qf3 Nbd7 14. Nfh5 e5 15. Bxh6 Nxh5 16. Nxh5 gxh6 17. Qg4+ Bg6 18. Qxg6+ Kh8 19. Qg7# 1-0

[Event "WYCC U14 Girls 2019"]
[Site "Mumbai"]
[Date "2019.10.05"]
[Round "5.12"]
[White "Hakobyan, Astghik"]
[Black "Zavivaeva, Evelina"]
[Result "1-0"]
[ECO "C89"]
[WhiteElo "1978"]
[BlackElo "1371"]
[Annotator "NA"]
[PlyCount "71"]
[EventDate "2019.10.02"]
[EventType "swiss"]
[EventCountry "IND"]
[SourceTitle "playchess.com"]
[Source "ChessBase"]
[SourceQuality "1"]
[TimeControl "40/5400+30:1800+30"]

1. e4 e5 2. Nf3 Nc6 3. Bb5 Nf6 4. O-O a6 5. Ba4 b5 6. Bb3 Be7 7. Re1 O-O 8. c3 d5 9. exd5 Nxd5 10. Nxe5 Nxe5 11. Rxe5 c6 12. d4 Bd6 13. Re1 Qh4 14. g3 Qh3 15. Qf3 Bg4 16. Qg2 Qh5 17. Be3 {[%emt 0:05:51] C89: Closed Ruy Lopez: Marshall Attack} Kh8 (17... Rae8 $11 18. Nd2 a5 (18... Re6 19. f3 Nxe3 20. Qf2 Nd5 21. fxg4 Qxg4 22. Qf3 Qg6 23. Rxe6 Qxe6 24. Ne4 Re8 {1-0 (41) Riccio,E (2636)-Busemann,S (2616) ICCF email 2014})) 18. Nd2 f5 $146 ({Black should try} 18... Rfe8 $14) ({Predecessor:} 18... Rae8 19. Bxd5 cxd5 20. a4 bxa4 21. Rxa4 Bh3 22. Qf3 Bg4 23. Qg2 Bh3 24. Qf3 Bg4 25. Qg2 {½-½ (25) Pisarevic,G (2190)-Panic,M (2098) Banja Vrucica 2014}) 19. f4 Nxe3 20. Rxe3 c5 {[%emt 0:00:26] [#]} 21. Re6 $1 Rad8 (21... Rae8 $16) 22. Qc6 $1 Bxf4 $2 (22... Bb8 {might work better.}) 23. gxf4 cxd4 $18 24. c4 bxc4 25. Bxc4 d3 26. Qg2 Rd4 27. Qg3 Rc8 28. Qe3 Rcd8 29. Re1 Be2 30. b3 Qg4+ 31. Qg3 Rxf4 32. Bxd3 h6 33. Bxe2 Qxg3+ 34. hxg3 Rfd4 35. Nf3 Rg4 36. Ne5 1-0

[Event "WYCC U14 Girls 2019"]
[Site "Mumbai"]
[Date "2019.10.06"]
[Round "6.1"]
[White "Rakshitta Ravi"]
[Black "Roebers, Eline"]
[Result "*"]
[ECO "A05"]
[WhiteElo "2310"]
[BlackElo "2083"]
[Annotator "ChessBase"]
[PlyCount "44"]
[EventDate "2019.10.02"]
[EventType "swiss"]
[EventCountry "IND"]
[SourceTitle "playchess.com"]
[Source "ChessBase"]
[SourceQuality "1"]
[TimeControl "40/5400+30:1800+30"]

1. Nf3 Nf6 2. g3 g6 3. b3 Bg7 4. Bb2 O-O 5. Bg2 d6 6. d4 c5 7. c4 d5 8. dxc5 dxc4 9. O-O Na6 10. c6 Qxd1 11. Rxd1 Nb4 12. Nd4 Nxc6 13. Nxc6 bxc6 14. Bxc6 Rb8 15. Nd2 Be6 16. Be5 Rbc8 17. Bb7 Rc5 18. Nf3 cxb3 19. axb3 Bxb3 20. Rdc1 Bd5 21. Bxd5 Nxd5 22. Bxg7 Kxg7 *

[Event "WYCC U14 Girls 2019"]
[Site "Mumbai"]
[Date "2019.10.06"]
[Round "6.1"]
[White "Rakshitta Ravi"]
[Black "Roebers, Eline"]
[Result "1/2-1/2"]
[ECO "A05"]
[WhiteElo "2310"]
[BlackElo "2083"]
[Annotator "NA"]
[PlyCount "129"]
[EventDate "2019.10.02"]
[EventType "swiss"]
[EventCountry "IND"]
[SourceTitle "playchess.com"]
[Source "ChessBase"]
[SourceQuality "1"]
[TimeControl "40/5400+30:1800+30"]

1. Nf3 Nf6 2. g3 g6 3. b3 Bg7 4. Bb2 O-O 5. Bg2 d6 6. d4 c5 7. c4 d5 8. dxc5 dxc4 9. O-O Na6 10. c6 Qxd1 11. Rxd1 Nb4 12. Nd4 Nxc6 13. Nxc6 bxc6 14. Bxc6 Rb8 15. Nd2 Be6 16. Be5 Rbc8 17. Bb7 Rc5 $11 18. Nf3 cxb3 19. axb3 Bxb3 20. Rdb1 Bd5 21. Bxd5 Nxd5 22. Bxg7 Kxg7 23. Rxa7 Rc7 24. Rxc7 Nxc7 25. Rb7 Nd5 26. Rd7 e6 27. Ne5 Nc3 28. Kf1 h5 29. f3 Kf6 30. f4 Kg7 31. Kf2 Ne4+ 32. Kf3 Nf6 33. Rb7 Ng4 34. Nxg4 hxg4+ 35. Kxg4 Ra8 36. Kf3 Ra5 37. Rb3 e5 38. Re3 exf4 39. gxf4 g5 40. fxg5 Rxg5 41. h4 Ra5 42. Kf4 Rb5 43. Re5 Rb4+ 44. e4 Rb1 45. Rg5+ Kf6 46. Rf5+ Kg7 47. h5 f6 48. Ra5 Rf1+ 49. Kg4 Rf2 50. Ra7+ Kh6 51. Rf7 Rf1 52. Rf8 Kg7 53. Ra8 Rg1+ 54. Kf4 Rf1+ 55. Kg3 Rg1+ 56. Kf2 Rg5 57. Ra7+ Kg8 58. Ra6 Kg7 59. Ra7+ Kg8 60. h6 Rh5 61. Rg7+ Kf8 62. Rh7 Kg8 63. Rg7+ Kf8 64. Rg6 Kf7 65. Rg7+ 1/2-1/2

[Event "WYCC U14 Girls 2019"]
[Site "Mumbai"]
[Date "2019.10.06"]
[Round "6.2"]
[White "Lhotska, Anna"]
[Black "Nasyrova, Ekaterina"]
[Result "0-1"]
[ECO "C44"]
[WhiteElo "1897"]
[BlackElo "2137"]
[Annotator "ChessBase"]
[PlyCount "54"]
[EventDate "2019.10.02"]
[EventType "swiss"]
[EventCountry "IND"]
[SourceTitle "playchess.com"]
[Source "ChessBase"]
[SourceQuality "1"]
[TimeControl "40/5400+30:1800+30"]

1. e4 e5 2. Nf3 Nc6 3. d4 exd4 4. Nxd4 Bb4+ 5. c3 Bc5 6. Be3 Bb6 7. Nf5 g6 8. Bxb6 axb6 9. Ne3 Nf6 10. f3 d6 11. c4 Nh5 12. Qd2 f5 13. exf5 Bxf5 14. Nxf5 gxf5 15. Nc3 Qh4+ 16. Qf2 Qg5 17. Nd5 O-O-O 18. f4 Rde8+ 19. Be2 Qg4 20. Kd2 Qg7 21. Nc3 Nf6 22. Bf3 Ne4+ 23. Bxe4 fxe4 24. Rhe1 e3+ 25. Rxe3 Qd4+ 26. Ke2 Qxc4+ 27. Kd2 d5 0-1

[Event "WYCC U14 Girls 2019"]
[Site "Mumbai"]
[Date "2019.10.06"]
[Round "6.3"]
[White "Velpula Sarayu"]
[Black "Dhyana Patel"]
[Result "0-1"]
[ECO "A48"]
[WhiteElo "1717"]
[BlackElo "1995"]
[Annotator "NA"]
[PlyCount "108"]
[EventDate "2019.10.02"]
[EventType "swiss"]
[EventCountry "IND"]
[SourceTitle "playchess.com"]
[Source "ChessBase"]
[SourceQuality "1"]
[TimeControl "40/5400+30:1800+30"]

1. d4 Nf6 2. Nf3 g6 3. Bf4 Bg7 4. e3 O-O 5. Be2 d6 6. h3 b6 7. O-O Bb7 8. Nbd2 Nbd7 9. c3 Qe8 10. a4 e5 11. Bh2 a6 12. a5 b5 13. c4 exd4 14. Nxd4 b4 15. N4b3 Ne5 16. Nf3 Nfd7 17. Nxe5 Nxe5 18. Rc1 Rd8 19. Re1 c5 20. Qc2 f5 21. Nd2 Qc6 22. Bf1 Qc7 23. Ra1 Kh8 24. Bg3 Rd7 25. Bf4 Nc6 26. Nb3 Nd8 27. Bd3 Ne6 28. Bg3 Qd8 29. Rad1 Qg5 30. Bf1 Qe7 31. Bd3 Qf6 32. Rd2 Ng5 33. Qd1 Rfd8 34. Bb1 Qe7 35. Qc1 Qe6 36. Red1 Ne4 37. Re2 Nxg3 38. fxg3 Be5 39. Kh2 Qf6 40. Qd2 Qh4 41. Qe1 Qxc4 42. Ba2 Qb5 43. Rc1 Re7 44. Qd2 Rde8 45. Bb1 Bd5 46. Bc2 Bc4 47. Ree1 d5 48. Bd1 Bxb3 49. Bxb3 c4 50. Bd1 Qxa5 51. Bf3 Rd8 52. Red1 Red7 53. Rc2 Qc5 54. Qc1 Qc7 0-1

[Event "WYCC U14 Girls 2019"]
[Site "Mumbai"]
[Date "2019.10.06"]
[Round "6.4"]
[White "Mungunzul, Bat-Erdene"]
[Black "Cai, Boheng"]
[Result "*"]
[ECO "A46"]
[WhiteElo "1912"]
[BlackElo "1853"]
[Annotator "NA"]
[PlyCount "62"]
[EventDate "2019.10.02"]
[EventType "swiss"]
[EventCountry "IND"]
[SourceTitle "playchess.com"]
[Source "ChessBase"]
[SourceQuality "1"]
[TimeControl "40/5400+30:1800+30"]

1. d4 Nf6 2. Nf3 e6 3. Bf4 c5 4. c3 b6 5. e3 Bb7 6. Nbd2 Be7 7. h3 O-O 8. Bd3 Nc6 9. O-O d5 10. Qe2 Bd6 11. Ne5 Qc7 12. Nxc6 Bxc6 13. Bxd6 Qxd6 14. f4 Ne4 15. Rf3 f5 16. Nf1 Rf6 17. Rd1 Qe7 18. Rc1 Qd6 19. Rd1 Qe7 20. Nh2 Nd6 21. Rff1 Be8 22. Rc1 Ne4 23. Qe1 c4 24. Bc2 b5 25. Nf3 Rf8 26. Ne5 Bd7 27. Ra1 Rfb8 28. Bxe4 fxe4 29. a3 a5 30. g4 Be8 31. f5 exf5 *

[Event "WYCC U14 Girls 2019"]
[Site "Mumbai"]
[Date "2019.10.06"]
[Round "6.4"]
[White "Mungunzul, Bat-Erdene"]
[Black "Cai, Boheng"]
[Result "1-0"]
[ECO "A46"]
[WhiteElo "1912"]
[BlackElo "1853"]
[Annotator "NA"]
[PlyCount "80"]
[EventDate "2019.10.02"]
[EventType "swiss"]
[EventCountry "IND"]
[SourceTitle "playchess.com"]
[Source "ChessBase"]
[SourceQuality "1"]
[TimeControl "40/5400+30:1800+30"]

1. d4 Nf6 2. Nf3 e6 3. Bf4 c5 4. c3 b6 5. e3 Bb7 6. Nbd2 Be7 7. h3 O-O 8. Bd3 Nc6 9. O-O d5 10. Qe2 Bd6 11. Ne5 Qc7 12. Nxc6 Bxc6 13. Bxd6 Qxd6 14. f4 Ne4 15. Rf3 f5 16. Nf1 Rf6 17. Rd1 Qe7 18. Nh2 Nd6 19. Rff1 Ne4 20. Rc1 Be8 21. Qe1 c4 22. Bc2 b5 23. Nf3 Rf8 24. Ne5 Bd7 25. Ra1 Rfb8 26. Bxe4 fxe4 27. a3 a5 28. g4 Be8 29. f5 exf5 30. Rxf5 Ra6 31. Qg3 Rbb6 32. g5 h6 33. h4 b4 34. Raf1 bxa3 35. bxa3 h5 36. Qf4 Kh7 37. Rf8 Bg6 38. Nxg6 Rxg6 39. Qb8 Rgd6 40. Rh8+ Kg6 1-0

[Event "WYCC U14 Girls 2019"]
[Site "Mumbai"]
[Date "2019.10.06"]
[Round "6.5"]
[White "Kurmangaliyeva, Liya"]
[Black "Divya Deshmukh"]
[Result "0-1"]
[ECO "B91"]
[WhiteElo "1936"]
[BlackElo "2358"]
[Annotator "ChessBase"]
[PlyCount "106"]
[EventDate "2019.10.02"]
[EventType "swiss"]
[EventCountry "IND"]
[SourceTitle "playchess.com"]
[Source "ChessBase"]
[SourceQuality "1"]
[TimeControl "40/5400+30:1800+30"]

1. e4 c5 2. Nf3 d6 3. d4 cxd4 4. Nxd4 Nf6 5. Nc3 a6 6. g3 e6 7. Bg2 Be7 8. O-O Qc7 9. Be3 O-O 10. g4 Nc6 11. g5 Nd7 12. f4 Nxd4 13. Qxd4 Re8 14. a4 b6 15. f5 Bb7 16. Qd1 Rac8 17. f6 Bf8 18. fxg7 Bxg7 19. Qh5 Re7 20. Rad1 Rd8 21. Rf2 Nf8 22. Ne2 d5 23. exd5 Bxd5 24. Rdf1 Bxg2 25. Kxg2 Ng6 26. Ng3 Qc4 27. Kg1 Bxb2 28. Bxb6 Rb8 29. a5 Be5 30. Qf3 Qh4 31. Ne4 Rc8 32. Kh1 Kh8 33. Rg1 Rd7 34. Nf6 Bxf6 35. Qxf6+ Kg8 36. Qf3 Qa4 37. Qe2 Qc6+ 38. Qf3 Qxf3+ 39. Rxf3 Rxc2 40. Rb1 Rd5 41. Rbf1 Ne5 42. Rb3 Nc4 43. Ra1 Kg7 44. h4 e5 45. Kg1 e4 46. Re1 Nd2 47. Rb4 Nf3+ 48. Kf1 Nh2+ 49. Kg1 Rdd2 50. Rbxe4 Rg2+ 51. Kh1 Nf3 52. Bd4+ Kg6 53. h5+ Kxh5 0-1

[Event "WYCC U14 Girls 2019"]
[Site "Mumbai"]
[Date "2019.10.06"]
[Round "6.6"]
[White "Sulyok, Eszter"]
[Black "Poliakova, Varvara"]
[Result "1-0"]
[ECO "A10"]
[WhiteElo "1893"]
[BlackElo "2042"]
[Annotator "NA"]
[PlyCount "83"]
[EventDate "2019.10.02"]
[EventType "swiss"]
[EventCountry "IND"]
[SourceTitle "playchess.com"]
[Source "ChessBase"]
[SourceQuality "1"]
[TimeControl "40/5400+30:1800+30"]

1. c4 f5 2. e3 Nf6 3. d4 g6 (3... e6 4. Nc3 b6 5. Bd3 Bb7 6. f3 c5 7. Nge2 Nc6 8. O-O Bd6 9. dxc5 Bxc5 10. Na4 Be7 11. b3 Nb4 12. Bb2 O-O 13. Qd2 d5 14. Rfd1 Nxd3 15. Qxd3 dxc4 16. Qxc4 {½-½ (30) Del Rio de Angelis,S (2525)-Moskalenko,V (2504) Linares 2018}) 4. b3 Bg7 5. Bb2 d6 6. Nf3 {[%emt 0:01:05] A84: Dutch Defence: 2 c4 Miscellaneous} O-O 7. Nc3 Nc6 8. d5 Ne5 9. Be2 Nf7 $146 ({Predecessor:} 9... a6 10. O-O h6 11. Qc2 Qe8 12. Nd4 Qf7 13. h3 c5 14. dxc6 Nxc6 15. Nxc6 bxc6 {½-½ (63) Schluenss,F (1644)-Krieger,H (2231) Germany 2002}) 10. Qc2 e5 11. dxe6 Bxe6 12. Nd4 Bd7 13. h4 Ng4 14. Bxg4 fxg4 15. O-O-O Ne5 16. Ne4 Bf5 17. Nxf5 gxf5 18. Ng3 Qd7 19. Nh5 Bh8 20. f4 Ng6 21. Bxh8 Nxh8 22. Qc3 Qf7 23. Ng3 Rae8 24. Rd5 Qg7 25. Qxg7+ Kxg7 26. Nxf5+ Kf6 27. Nh6 Kg6 28. Nxg4 $18 Nf7 29. f5+ Kg7 30. f6+ Kh8 31. h5 Rg8 32. Rh4 c5 33. Rf5 Re4 34. Rf4 Rxf4 35. exf4 Re8 36. Kd2 Re6 37. Rh3 Kg8 38. Re3 Nd8 39. Rxe6 Nxe6 40. Nh6+ Kf8 41. Ke3 Nd4 42. g4 1-0

[Event "WYCC U14 Girls 2019"]
[Site "Mumbai"]
[Date "2019.10.06"]
[Round "6.7"]
[White "Ince, Safiye Oyku"]
[Black "Kamalidenova, Meruert"]
[Result "1-0"]
[ECO "B50"]
[WhiteElo "1840"]
[BlackElo "2025"]
[Annotator "NA"]
[PlyCount "61"]
[EventDate "2019.10.02"]
[EventType "swiss"]
[EventCountry "IND"]
[SourceTitle "playchess.com"]
[Source "ChessBase"]
[SourceQuality "1"]
[TimeControl "40/5400+30:1800+30"]

1. e4 c5 2. Nf3 d6 3. c3 Nf6 4. Bd3 Bd7 (4... Nc6 5. Bc2 Bg4 6. d3 e6 7. h3 Bh5 8. Bf4 d5 9. g4 Bg6 10. Nbd2 Bd6 11. e5 Bc7 12. Qe2 Nd7 13. O-O-O b5 14. d4 Bxc2 15. Kxc2 c4 {0-1 (32) Jobava,B (2705)-Navara,D (2726) Heraklio 2017}) 5. O-O Bc6 6. Re1 {B50: Sicilian: 2...d6, Miscellaneous} Nbd7 7. Bc2 e6 8. d4 Be7 9. a4 $146 ({Predecessor:} 9. Nbd2 h6 10. e5 dxe5 11. dxe5 Nd5 12. Ne4 {1-0 (68) Heinz,A (2244)-Degtiarev,E (2284) Willingen 2004}) 9... O-O 10. e5 dxe5 11. dxe5 Nd5 12. Qd3 g6 13. Bh6 Qc7 14. Nbd2 Rfd8 15. Qc4 a6 16. h4 Nf8 17. h5 $16 (17. a5 $18 {is more deadly.}) 17... Nb6 18. Qe2 Nbd7 19. Rad1 b5 20. Bg5 Bxg5 21. Nxg5 Rdb8 22. Qe3 bxa4 23. Rb1 $2 (23. Nc4 $18 {is the precise move to win.}) 23... Ra7 24. hxg6 hxg6 25. Nc4 Nb6 26. Nd6 Be8 27. Nge4 Kg7 28. Nf6 Bc6 29. Ng4 f5 30. Qh6+ Kg8 31. Nf6# 1-0

[Event "WYCC U14 Girls 2019"]
[Site "Mumbai"]
[Date "2019.10.06"]
[Round "6.8"]
[White "Obada, Ema"]
[Black "De Rycke, Tyani"]
[Result "1/2-1/2"]
[ECO "B40"]
[WhiteElo "1987"]
[BlackElo "1891"]
[Annotator "NA"]
[PlyCount "64"]
[EventDate "2019.10.02"]
[EventType "swiss"]
[EventCountry "IND"]
[SourceTitle "playchess.com"]
[Source "ChessBase"]
[SourceQuality "1"]
[TimeControl "40/5400+30:1800+30"]

1. e4 c5 2. Nf3 e6 3. d4 cxd4 4. Nxd4 Nf6 5. Nc3 Nc6 6. Ndb5 Bb4 7. Bf4 e5 8. Bg5 O-O 9. a3 Be7 10. Bxf6 Bxf6 11. Bc4 Be7 12. Nd5 a6 13. Nbc3 Bc5 14. O-O d6 15. Qd3 Kh8 16. Ne3 Bxe3 17. fxe3 Be6 18. Rad1 Bxc4 19. Qxc4 Kg8 20. Rf3 Rc8 21. Qd5 Qa5 22. Qb3 b5 23. Rxd6 Qc7 24. Qd5 Rfd8 25. Rxd8+ Rxd8 26. Qc5 Qd6 27. Qxd6 Rxd6 28. Rf1 Na5 29. Nd5 Nc4 30. h3 Nd2 31. Rd1 Nxe4 32. c4 Kf8 1/2-1/2

[Event "WYCC U14 Girls 2019"]
[Site "Mumbai"]
[Date "2019.10.06"]
[Round "6.9"]
[White "Pavalachandran, Ashvini"]
[Black "Hakobyan, Astghik"]
[Result "0-1"]
[ECO "E32"]
[WhiteElo "1678"]
[BlackElo "1978"]
[Annotator "NA"]
[PlyCount "166"]
[EventDate "2019.10.02"]
[EventType "swiss"]
[EventCountry "IND"]
[SourceTitle "playchess.com"]
[Source "ChessBase"]
[SourceQuality "1"]
[TimeControl "40/5400+30:1800+30"]

1. d4 Nf6 2. c4 e6 3. Nc3 Bb4 4. Qc2 b6 5. a3 Bxc3+ 6. Qxc3 Bb7 7. Nf3 c5 8. b4 Ne4 9. Qc2 cxd4 10. Bb2 O-O 11. Bxd4 d6 12. g3 e5 13. Bb2 Nd7 14. Bg2 f5 15. O-O Rc8 16. Qb3 Kh8 17. Rfd1 Qe7 18. Nd2 Ndf6 19. Nxe4 fxe4 20. h3 Qe6 21. Rac1 b5 22. Qe3 bxc4 23. Qxa7 Qe7 24. Qa4 e3 25. f3 Nh5 26. Qa7 Nxg3 27. Qxe3 Nf5 28. Qd2 d5 29. e4 dxe4 30. fxe4 Nh4 31. Qe2 Qg5 32. Rc3 Nxg2 33. Qxg2 Qxg2+ 34. Kxg2 Bxe4+ 35. Kg3 Bd3 36. Rdxd3 cxd3 37. Rxd3 Rce8 38. b5 Rf7 39. Bxe5 Rf5 40. Bc3 Rxb5 41. Bb4 Rbe5 42. Kf3 h5 43. Rc3 Kh7 44. Rd3 g5 45. Rd7+ Kg6 46. Rd3 Rf5+ 47. Kg2 Re2+ 48. Kg1 Ref2 49. Rd6+ Rf6 50. Rxf6+ Rxf6 51. Kg2 Kf5 52. a4 Rc6 53. a5 Rc2+ 54. Kf3 Ra2 55. Be1 h4 56. Bb4 Rh2 57. a6 Ra2 58. Bc5 Rxa6 59. Bb4 Rb6 60. Bc5 Rb3+ 61. Be3 Ra3 62. Kf2 Ra2+ 63. Kg1 Re2 64. Bc5 Kf4 65. Bd6+ Kf3 66. Bc7 Rc2 67. Bd6 Rc6 68. Bb8 Rc4 69. Bd6 Rf4 70. Kh2 Rf6 71. Be5 Re6 72. Bc7 g4 73. hxg4 Kxg4 74. Kg2 Re2+ 75. Kf1 Kf3 76. Kg1 Rc2 77. Bd6 Kg4 78. Bh2 Kh3 79. Be5 Rg2+ 80. Kf1 Rg3 81. Bxg3 hxg3 82. Kg1 g2 83. Kf2 Kh2 0-1

[Event "WYCC U14 Girls 2019"]
[Site "Mumbai"]
[Date "2019.10.06"]
[Round "6.10"]
[White "Wikar, Martyna"]
[Black "Bhagyashree Patil"]
[Result "*"]
[ECO "C50"]
[WhiteElo "1969"]
[BlackElo "1802"]
[Annotator "NA"]
[PlyCount "60"]
[EventDate "2019.10.02"]
[EventType "swiss"]
[EventCountry "IND"]
[SourceTitle "playchess.com"]
[Source "ChessBase"]
[SourceQuality "1"]
[TimeControl "40/5400+30:1800+30"]

1. e4 e5 2. Nf3 Nc6 3. Bc4 Be7 4. d3 d6 5. c3 Nf6 6. Bb3 Be6 7. Nbd2 Qd7 8. d4 Bxb3 9. Qxb3 exd4 10. cxd4 O-O 11. O-O a5 12. Re1 a4 13. Qc3 b5 14. d5 Na5 15. Nd4 Rfc8 16. Qg3 Bf8 17. Nf1 c5 18. Nf5 Kh8 19. Qh4 Nc4 20. N1g3 Ne5 21. Bg5 Ng8 22. f4 Ng6 23. Qg4 c4 24. Kh1 a3 25. bxa3 Rc7 26. Kg1 Rcc8 27. Kh1 Rc7 28. Kg1 Rcc8 29. Kh1 Rc7 30. h4 Rxa3 *

[Event "WYCC U14 Girls 2019"]
[Site "Mumbai"]
[Date "2019.10.06"]
[Round "6.10"]
[White "Wikar, Martyna"]
[Black "Bhagyashree Patil"]
[Result "1/2-1/2"]
[ECO "C50"]
[WhiteElo "1969"]
[BlackElo "1802"]
[Annotator "NA"]
[PlyCount "138"]
[EventDate "2019.10.02"]
[EventType "swiss"]
[EventCountry "IND"]
[SourceTitle "playchess.com"]
[Source "ChessBase"]
[SourceQuality "1"]
[TimeControl "40/5400+30:1800+30"]

1. e4 e5 2. Nf3 Nc6 3. Bc4 Be7 4. d3 d6 5. c3 Nf6 6. Bb3 Be6 7. Nbd2 Qd7 8. d4 Bxb3 9. Qxb3 exd4 10. cxd4 O-O 11. O-O a5 12. Re1 a4 13. Qc3 b5 14. d5 Na5 15. Nd4 Rfc8 16. Qg3 Bf8 17. Nf1 c5 18. Nf5 Kh8 19. Qh4 Nc4 20. N1g3 Ne5 21. Bg5 Ng8 22. f4 Ng6 23. Qg4 c4 24. Kh1 a3 25. bxa3 Rc7 26. h4 Rxa3 27. h5 N6e7 28. h6 g6 29. Qe2 b4 30. Qb2+ c3 31. Qxb4 Ra4 32. Nxd6 Nf5 33. Nxf7+ Qxf7 34. Qxa4 Nxg3+ 35. Kh2 Nh5 36. Qd4+ Ngf6 37. Rac1 c2 38. Re2 Bc5 39. Qe5 Re7 40. Qb8+ Re8 41. Qb2 Kg8 42. Bxf6 Nxf6 43. Qxc2 Ng4+ 44. Kg3 Rf8 45. f5 gxf5 46. exf5 Nxh6 47. Qxc5 Nxf5+ 48. Kf2 Nd4+ 49. Ke3 Qf4+ 50. Kd3 Nxe2 51. Kxe2 Re8+ 52. Kd1 Qg4+ 53. Kd2 Qe2+ 54. Kc3 Re3+ 55. Kb4 Qb2+ 56. Ka4 Qxa2+ 57. Kb5 Rb3+ 58. Kc6 Qa6+ 59. Kd7 Rb7+ 60. Kd8 Qa8+ 61. Qc8 Rb8 62. Kd7+ Kg7 63. Qc3+ Kg8 64. Qg3+ Kh8 65. Qe5+ Kg8 66. Qe6+ Kh8 67. Qf6+ Kg8 68. Qg5+ Kh8 69. Qf6+ Kg8 1/2-1/2

[Event "WYCC U14 Girls 2019"]
[Site "Mumbai"]
[Date "2019.10.06"]
[Round "6.11"]
[White "Omonova, Umida"]
[Black "Renganayaki V"]
[Result "*"]
[ECO "B37"]
[WhiteElo "2078"]
[BlackElo "1641"]
[Annotator "NA"]
[PlyCount "39"]
[EventDate "2019.10.02"]
[EventType "swiss"]
[EventCountry "IND"]
[SourceTitle "playchess.com"]
[Source "ChessBase"]
[SourceQuality "1"]
[TimeControl "40/5400+30:1800+30"]

1. e4 c5 2. Nf3 g6 3. d4 cxd4 4. Nxd4 Bg7 5. c4 Nc6 6. Bg5 Nf6 7. Nc3 d6 8. Be2 O-O 9. O-O Bd7 10. Nc2 Rc8 11. f3 a6 12. Rb1 Ne5 13. Na3 Be6 14. Nd5 Bxd5 15. cxd5 Qa5 16. Qb3 Qc7 17. Rbd1 Ned7 18. Rfe1 Nc5 19. Qb4 Nfd7 20. Bf1 *

[Event "WYCC U14 Girls 2019"]
[Site "Mumbai"]
[Date "2019.10.06"]
[Round "6.11"]
[White "Omonova, Umida"]
[Black "Renganayaki V"]
[Result "1/2-1/2"]
[ECO "B38"]
[WhiteElo "2078"]
[BlackElo "1641"]
[Annotator "NA"]
[PlyCount "212"]
[EventDate "2019.10.02"]
[EventType "swiss"]
[EventCountry "IND"]
[SourceTitle "playchess.com"]
[Source "ChessBase"]
[SourceQuality "1"]
[TimeControl "40/5400+30:1800+30"]

1. e4 c5 2. Nf3 g6 3. d4 cxd4 4. Nxd4 Bg7 5. c4 Nc6 6. Be3 Nf6 7. Nc3 d6 8. Be2 O-O 9. O-O Bd7 10. Nc2 Rc8 11. f3 a6 12. Rb1 Ne5 13. Na3 Be6 14. Nd5 Bxd5 15. exd5 Qa5 16. Qb3 Qc7 17. Rbd1 Ned7 18. Rfe1 Nc5 19. Qb4 Nfd7 20. Bf1 Rce8 21. Bd4 Bxd4+ 22. Rxd4 f5 23. Nc2 Ne5 24. Rd2 f4 25. Nd4 Ra8 26. Qc3 a5 27. b3 Qb6 28. Kh1 Rf6 29. a3 Ncd7 30. b4 axb4 31. axb4 Rc8 32. Ne6 Nf8 33. Ng5 Qc7 34. c5 h6 35. Ne4 Rf5 36. Rc2 Nfd7 37. Bb5 Nf6 38. cxd6 Qxc3 39. Rxc3 Rxc3 40. dxe7 Rc8 41. Nxf6+ Rxf6 42. h4 Rb6 43. Rxe5 Rxb5 44. e8=Q+ Rxe8 45. Rxe8+ Kf7 46. Re4 g5 47. hxg5 hxg5 48. d6 Rd5 49. Re7+ Kf6 50. Rxb7 Rxd6 51. Kh2 Rd2 52. Kh3 Rb2 53. b5 Kg6 54. b6 Kh6 55. Rb8 Kg6 56. g3 Rb4 57. gxf4 gxf4 58. Kg4 Kh6 59. Kf5 Kg7 60. Kg5 Kh7 61. Kf5 Kg7 62. Rb7+ Kh6 63. Kf6 Rb3 64. Rb8 Kh7 65. b7 Rb6+ 66. Kg5 Rb4 67. Rf8 Rxb7 68. Rxf4 Kg7 69. Rc4 Rb5+ 70. Kg4 Rb6 71. Rc7+ Kf6 72. f4 Kg6 73. Rc8 Rb4 74. Rc6+ Kf7 75. Kg5 Rb7 76. f5 Kg7 77. Rg6+ Kf7 78. Rh6 Rb5 79. Rh7+ Kg8 80. Ra7 Rb6 81. Rc7 Ra6 82. Re7 Kf8 83. Rd7 Kg8 84. Rd5 Kf7 85. Rb5 Rc6 86. Ra5 Rb6 87. Kf4 Rb7 88. Rc5 Ra7 89. Rc6 Rb7 90. Kg5 Ra7 91. Rf6+ Kg7 92. Rh6 Ra5 93. Rh2 Kg8 94. Re2 Kf8 95. Re6 Kf7 96. Rh6 Kg7 97. Rc6 Ra7 98. Rg6+ Kf7 99. Rh6 Ra5 100. Rh7+ Kg8 101. Rd7 Ra6 102. f6 Ra1 103. Rd6 Rg1+ 104. Kf5 Rf1+ 105. Ke6 Re1+ 106. Kd7 Kf7 1/2-1/2

[Event "WYCC U14 Girls 2019"]
[Site "Mumbai"]
[Date "2019.10.06"]
[Round "6.12"]
[White "Allahverdiyeva, Ayan"]
[Black "Mudodo, Refiloe Hazel"]
[Result "*"]
[ECO "C10"]
[WhiteElo "2160"]
[BlackElo "1657"]
[Annotator "ChessBase"]
[PlyCount "62"]
[EventDate "2019.10.02"]
[EventType "swiss"]
[EventCountry "IND"]
[SourceTitle "playchess.com"]
[Source "ChessBase"]
[SourceQuality "1"]
[TimeControl "40/5400+30:1800+30"]

1. e4 e6 2. d4 d5 3. Nd2 dxe4 4. Nxe4 Bd7 5. Nf3 Bc6 6. Bd3 Nd7 7. O-O Ngf6 8. Neg5 h6 9. Nxe6 fxe6 10. Bg6+ Ke7 11. c4 Nb6 12. Ne5 Be8 13. b3 Qc8 14. Qd3 Nbd7 15. f4 Nxe5 16. fxe5 Nd7 17. Qg3 Bxg6 18. Qxg6 Qe8 19. Bg5+ hxg5 20. Qxg5+ Nf6 21. exf6+ Kd7 22. fxg7 Rg8 23. Qb5+ Kd6 24. gxf8=Q+ Rxf8 25. c5+ Kd5 26. c6+ Kxd4 27. Qc4+ {[%emt 0:01:28] Kd5 Qb5+ Kd4 Qc4+} Ke5 28. Qb5+ Kd4 29. Qc4+ Ke5 30. Qb5+ Kd4 31. Qc4+ Ke5 *